 Dungeon Sprint DCSS version 0.17-a0-1575-g9a29ec8 (webtiles) character file.

14 nuthulu the Ducker (level 6, -6/68 HPs)
             Began as a Troll Berserker on July 26, 2015.
             Was an Elder of Trog.
             Mangled by a soldier ant (9 damage)
             ... in the Dungeon (Sprint VI: "Thunderdome").
             The game lasted 00:01:32 (207 turns).

nuthulu the Ducker (Troll Berserker)                 Turns: 207, Time: 00:01:32

Health: -6/68      AC:  5    Str: 26    XL:     6   Next: 13%
Magic:  5/5        EV: 12    Int:  3    God:    Trog [****..]
Gold:   52         SH:  0    Dex: 11    Spells: 0 memorised, 5 levels left

rFire  . . .     SeeInvis .     a - +0 mace
rCold  . . .     Clarity  .     b - +0 animal skin
rNeg   . . .     SustAt   .     (no shield)
rPois  .         Gourm    +     (helmet restricted)
rElec  .         Spirit   .     (no cloak)
rCorr  .         Warding  .     (gloves unavailable)
rMut   .         NoTele   +     (boots unavailable)
MR     .....                    (no amulet)
Stlth  +.........               (no ring)
                                (no ring)

@: lethally poisoned (-6 -> -11), not resistant to hostile enchantments, very
unstealthy
A: unfitting armour, claws 3, fast metabolism 3, gourmand, regeneration 2,
shaggy fur 1, tough skin 2
a: Burn Spellbooks, Berserk, Trog's Hand, Brothers in Arms, Renounce Religion


You were in the Dungeon.
You worshipped Trog.
Trog was greatly pleased with you.
You were not hungry.

You visited 1 branch You collected 220 gold pieces.
You spent 168 gold pieces at shops.

Inventory:

Hand weapons
 a - a +0 mace (weapon)
Armour
 b - a +0 animal skin (worn)
Magical devices
 j - a wand of cold (5)
 k - a wand of fire (5)
Scrolls
 i - 4 scrolls of blinking
 l - 3 scrolls of fog
Potions
 e - a potion of heal wounds
 f - 4 potions of haste
 g - 2 potions of magic
 h - a potion of berserk rage
 m - a potion of resistance
 n - 5 potions of might
Comestibles
 c - 2 bread rations


   Skills:
 + Level 6.6 Fighting
 + Level 6.6 Maces & Flails
 + Level 7.3 Dodging


You had 5 spell levels left.
You didn't know any spells.

Dungeon Overview and Level Annotations

Branches:
Dungeon (1/1)

Altars:
Cheibriados
Dithmenos
Fedhas
Gozag
Kikubaaqudgha
Makhleb
Okawaru
Qazlal
Ru
Sif Muna
Trog
Vehumet
Xom
Yredelemnul
Zin
The Shining One
Jiyva
Lugonu

Shops:
D *[%??*?*:[((!!!!


Innate Abilities, Weirdness & Mutations

You are too large for most types of armour.
You have claws for hands.
Your metabolism is lightning-fast.
You like to eat raw meat.
You heal very quickly.
You are covered in fur (AC +1).
You have very tough skin (AC +2).


Message History

You hit the worker ant.
You kill the worker ant!
Trog accepts your kill.
You feel sick.
You closely miss the soldier ant.
You feel sick. The soldier ant stings you!
Unknown command.
You sock the soldier ant!
The soldier ant is moderately wounded.
You feel sick. The soldier ant stings you!
* * * LOW HITPOINT WARNING * * *
You closely miss the soldier ant.
The soldier ant is moderately wounded. 50...
You feel sick. The soldier ant barely misses you. The soldier ant stings you!
* * * LOW HITPOINT WARNING * * *
You hit the soldier ant.
The soldier ant is moderately wounded.
* * * LOW HITPOINT WARNING * * *
You feel sick. The soldier ant stings you!
You die...

#_........# #........_#
###..)......### #⌠...........⌠#
######.8.........8.######
##∩___......###......___∩##
###∩........8.# #.8........∩###
##............a###.............#
#⌠..........###@..###..........⌠
#⌠.........÷# #.<.# #..........⌠
#⌠..........###...###..........⌠
##.............###.............#
###∩........8.# #.8).......∩###
##∩.__......###......___∩##
######.8...).....8.######
#⌠...........⌠# ###.........###


You could see a soldier ant.

Vanquished Creatures
  Sigmund (D)
  A killer bee (D)
  3 worker ants (D)
  2 adders (D)
  A giant cockroach (D)
  A goblin (D)
  A kobold (D)
10 creatures vanquished.

Notes
Turn   | Place    | Note
--------------------------------------------------------------
     0 | D        | nuthulu the Troll Berserker began the quest for the Orb.
     0 | D        | Reached XP level 1. HP: 22/22 MP: 0/0
     1 | D        | Found a basalt altar of Yredelemnul.
     1 | D        | Found a stormy altar of Qazlal.
     2 | D        | Found an ancient bone altar of Kikubaaqudgha.
     3 | D        | Found a glowing silver altar of Zin.
     3 | D        | Found a viscous altar of Jiyva.
     4 | D        | Found Cef Peji's Do-It-Yourself Clinic.
     4 | D        | Found a deep blue altar of Sif Muna.
     4 | D        | Found a bloodstained altar of Trog.
     4 | D        | Found Woigien's Distillery.
     5 | D        | Found Tatt's Bottled Wisdom.
     5 | D        | Found Vittua Nayto's Weapon Rack.
     5 | D        | Found Wedof's Distillery.
     5 | D        | Round 1.
    17 | D        | Reached skill level 3 in Fighting
    17 | D        | Reached XP level 2. HP: 12/31 MP: 1/1
    20 | D        | Found a glowing golden altar of the Shining One.
    24 | D        | Bought 6 potions of might for 168 gold pieces
    32 | D        | Found a burning altar of Makhleb.
    32 | D        | Found an iron altar of Okawaru.
    32 | D        | Found a corrupted altar of Lugonu.
    32 | D        | Found Zaustie's Premium Goods.
    33 | D        | Found Keokk's Basic Armour.
    33 | D        | Found Qaifex's Miscellaneous Merchandise.
    37 | D        | Found a shimmering altar of Xom.
    42 | D        | Acquired Trog's second power
    51 | D        | Found a snail-covered altar of Cheibriados.
    51 | D        | Found Qogiv's Staff Store.
    52 | D        | Found Zofoucot's Must-Have Magic.
    52 | D        | Found Xegice's Magic Scroll Shop.
    53 | D        | Found a radiant altar of Vehumet.
    53 | D        | Found Saschoe's Magic Scroll Shop.
    57 | D        | Found an opulent altar of Gozag.
    58 | D        | Found a sacrificial altar of Ru.
    59 | D        | Found a shadowy altar of Dithmenos.
    60 | D        | Found Kodd's Bee Food.
    61 | D        | Found Dytue's Jewellery.
    61 | D        | Found Miostruq's Advanced Armour.
    62 | D        | Found a blossoming altar of Fedhas.
    62 | D        | Found Qyiwn's Identification Station.
   104 | D        | Noticed Sigmund
   125 | D        | Killed Sigmund
   125 | D        | Arena points: 14 (+14) [x2]
   125 | D        | Reached skill level 5 in Fighting
   125 | D        | Reached skill level 5 in Maces & Flails
   125 | D        | Reached skill level 6 in Dodging
   125 | D        | Reached XP level 3. HP: 8/44 MP: 2/2
   125 | D        | Reached XP level 4. HP: 9/52 MP: 3/3
   125 | D        | Reached XP level 5. HP: 10/59 MP: 4/4
   143 | D        | Round 2.
   188 | D        | Noticed a soldier ant
   201 | D        | Acquired Trog's third power
   201 | D        | Reached skill level 7 in Dodging
   201 | D        | Reached XP level 6. HP: 40/68 MP: 5/5
   207 | D        | HP: 3/68 [poisoned by a worker ant]
   207 | D        | Mangled by a soldier ant

Vault maps used:
D:        arena_sprint

Action                   |  1- 3 |  4- 6 || total
-------------------------+-------+-------++-------
Melee: Mace              |    25 |    18 ||    43
  Use: Potion            |     3 |     2 ||     5
  Eat: Chunk             |     2 |       ||     2
